Map: Ascension to Aiur LE

Players

SamuraiFunn - Winner!

  • Race: Protoss Protoss
  • Spawn Location: 11:00

A.I. 1 (Elite)

  • Race: Protoss Protoss
  • Spawn Location: 5:00

VOD

Have the link to the VOD?

Description

Time

  • Played on: Nov. 24, 2017, 11:29 p.m.
  • Length: 12:04
Show
View Real Time Build Order
Export as new Build Order

SamuraiFunn Protoss - Winner!

Build Orders: 1 Gate Expand 

Get SALT Encoding   

  12  0:01  Probe  
  13  0:13  Probe  
  14  0:19  Pylon  
  14  0:25  Probe  
  15  0:31  Assimilator  
  15  0:37  Probe  
  16  0:45  Gateway  
  16  0:49  Probe (Chrono Boost)  
  17  1:01  Probe (Chrono Boost)  
  17  1:02  Assimilator  
  18  1:09  Probe  
  19  1:21  Probe  
  20  1:30  Nexus  
  20  1:43  Zealot  
  20  1:46  Cybernetics Core  
  22  1:49  Probe  
  23  1:56  Pylon  
  23  2:03  Assimilator  
  23  2:14  Probe  
  24  2:22  Pylon  
  24  2:25  Adept  
  24  2:26  Warp Gate (Chrono Boost)  
  26  2:35  Probe  
  27  2:46  Gateway  
  27  2:50  Gateway  
  27  2:56  Gateway  
  27  2:57  Probe  
  28  3:17  Probe x2  
  30  3:29  Probe x2  
  33  3:41  Probe  
  33  3:44  Probe  
  34  3:51  Assimilator  
  34  3:53  Probe  
  35  3:56  Probe  
  36  4:06  Assimilator  
  36  4:09  Probe x2  
  38  4:14  Twilight Council  
  38  4:17  Stalker x2  
  38  4:18  Stalker x2  
  38  4:21  Probe x2  
  48  4:26  Pylon  
  48  4:33  Probe x2  
  48  4:37  Pylon  
  50  4:38  Pylon  
  50  4:43  Stalker  
  50  4:45  Probe x2, Stalker  
  54  4:49  Stalker  
  58  4:55  Stalker  
  58  4:57  Probe  
  58  4:58  Probe  
  62  5:06  Blink (Chrono Boost)  
  62  5:13  Probe x2  
  64  5:29  Nexus  
  64  5:32  Pylon  
  65  5:35  Probe x2  
  66  5:47  Probe  
  66  5:48  Probe  
  68  5:50  Stalker x3  
  68  5:52  Stalker  
  76  6:00  Probe x2, Templar Archives  
  78  6:11  Pylon  
  78  6:21  Probe x2  
  78  6:23  Stalker  
  78  6:24  Stalker  
  84  6:27  Psionic Storm, Stalker  
  86  6:35  Probe x2  
  86  6:37  Stalker  
  86  6:38  Pylon  
  90  6:42  Forge  
  90  6:44  Forge  
  90  6:51  Pylon  
  90  6:52  High Templar  
  90  6:53  High Templar x2  
  96  7:04  Probe x2  
  96  7:05  Probe  
  96  7:06  Pylon  
  99  7:16  Assimilator  
  99  7:20  Probe x3  
  99  7:21  Assimilator  
  102  7:26  High Templar x2  
  102  7:28  Stalker x2  
  110  7:36  Pylon  
  110  7:38  Protoss Ground Weapons Level 1  
  110  7:47  Protoss Ground Armor Level 1  
  110  7:54  Probe x3  
  113  8:15  Stalker  
  113  8:16  Stalker x3  
  121  8:40  Probe x3  
  124  8:43  Nexus  
  124  8:46  Pylon  
  124  8:47  Pylon  
  124  8:51  Assimilator  
  124  8:52  Probe x2, Stalker  
  124  8:53  Probe, Stalker x3  
  124  8:55  Assimilator  
  115  9:41  Archon, Protoss Shields Level 1  
  115  9:42  Archon  
  109  9:59  Stalker x4  
  117  10:19  Gateway  
  117  10:20  Gateway, Probe x2  
  117  10:21  Probe x2  
  121  10:26  Gateway  
  121  10:27  Gateway  
  121  10:31  Stalker x4  
  129  11:00  Stalker x4  
  127  11:27  Pylon  
Show
View Real Time Build Order
Export as new Build Order

A.I. 1 (Elite) Protoss 

Build Orders: Blink Stalkers, Zealot Archon 

Get SALT Encoding   

  12  0:00  Probe  
  13  0:13  Probe  
  14  0:20  Pylon  
  14  0:25  Probe  
  15  0:38  Probe  
  16  0:47  Assimilator  
  16  0:50  Probe  
  16  0:51  Gateway  
  17  1:02  Probe, Pylon  
  18  1:14  Probe  
  19  1:26  Probe  
  20  1:36  Assimilator  
  20  1:39  Probe  
  21  1:40  Cybernetics Core, Zealot  
  23  1:51  Probe  
  24  2:03  Probe  
  25  2:08  Pylon  
  25  2:15  Probe  
  26  2:17  Stalker  
  26  2:19  Warp Gate  
  28  2:24  Twilight Council  
  28  2:27  Probe  
  29  2:35  Gateway  
  29  2:39  Probe  
  30  2:47  Stalker  
  32  2:51  Probe  
  33  3:00  Blink  
  33  3:06  Gateway  
  33  3:17  Stalker  
  35  3:21  Pylon  
  35  3:25  Stalker  
  37  3:28  Probe  
  38  3:40  Probe  
  39  3:47  Stalker  
  41  3:53  Stalker  
  41  3:55  Stalker  
  43  3:59  Pylon  
  45  4:16  Pylon  
  45  4:17  Stalker  
  47  4:30  Adept  
  49  4:33  Zealot  
  51  4:45  Gateway  
  51  4:50  Stalker  
  53  4:53  Adept  
  53  4:54  Adept  
  57  5:13  Adept x2  
  61  5:15  Adept  
  61  5:19  Pylon  
  63  5:37  Adept x3  
  63  5:39  Adept  
  71  5:46  Pylon  
  71  5:50  Templar Archives  
  71  6:11  Pylon  
  71  6:25  Nexus  
  71  6:28  High Templar x2  
  71  6:29  Zealot  
  77  6:35  Sentry, Archon  
  77  6:37  Pylon  
  79  7:03  High Templar  
  81  7:29  High Templar  
  83  7:36  Archon  
  83  7:38  Probe x2  
  85  7:45  Assimilator  
  85  7:48  Assimilator  
  85  7:50  Probe  
  85  7:51  Probe  
  87  7:52  Nexus  
  87  7:59  High Templar  
  87  8:02  Probe  
  87  8:03  Probe  
  91  8:14  Probe  
  91  8:15  Probe  
  91  8:18  High Templar  
  95  8:26  Probe  
  96  8:27  Probe  
  96  8:32  Robotics Facility  
  97  8:37  Pylon  
  97  8:38  Probe  
  97  8:39  Probe  
  97  8:40  Archon  
  99  8:43  High Templar  
  99  8:45  Forge  
  101  8:50  Probe  
  101  8:51  Probe  
  101  8:54  Forge  
  103  8:56  High Templar, Pylon  
  106  9:02  Probe  
  106  9:03  Probe  
  106  9:05  Probe  
  108  9:13  Sentry  
  108  9:15  Probe  
  108  9:16  Probe  
  112  9:17  Probe, Assimilator  
  112  9:20  Observer  
  114  9:25  Stalker x2  
  114  9:26  Assimilator  
  114  9:27  Probe  
  114  9:28  Probe, Stalker  
  114  9:29  Probe  
  107  9:36  Stalker  
  89  9:39  Probe  
  89  9:40  Probe  
  89  9:44  Probe  
  74  9:48  High Templar, Zealot  
  74  9:51  Probe, Adept  
  73  9:57  Probe  
  73  9:59  Probe, High Templar  
  77  10:03  Probe  
  78  10:08  Adept  
  78  10:09  Probe  
  78  10:11  Sentry  
  80  10:15  Probe  
  80  10:20  Archon, Stalker  
  82  10:21  Probe  
  82  10:27  Probe  
  72  10:29  Zealot  
  72  10:32  High Templar  
  75  10:39  High Templar  
  69  10:44  Stalker  
  69  10:47  Archon  
  71  10:52  Probe  
  71  10:56  Nexus  
  52  11:01  High Templar  
  52  11:03  Probe  
  45  11:05  Zealot, Assimilator  
  28  11:23  Zealot  
  24  11:33  High Templar  
Tags
 
Add a new tag
Caveats
  • Supply blocks, unpowered buildings, or Contaminate may cause inaccurate times.
  • Supply counts are checked every 10 seconds.